 Dungeon Crawl Stone Soup version 0.22-a0-769-g178e55541d (webtiles) character file.

79 Kriby the Ducker (level 4, -2/26 HPs)
             Began as a Deep Elf Warper on July 17, 2018.
             Slain by a human (8 damage)
             ... on level 2 of the Dungeon.
             The game lasted 00:03:48 (2932 turns).

Kriby the Ducker (Deep Elf Warper)                  Turns: 2932, Time: 00:03:48

Health: -2/26      AC:  3    Str:  8    XL:     4   Next: 17%
Magic:  11/11      EV: 12    Int: 19    God:
Gold:   61         SH:  0    Dex: 14    Spells: 6/10 levels left

rFire    . . .     SeeInvis .   a - +0 short sword
rCold    . . .     Gourm    .   (no shield)
rNeg     . . .     Faith    .   b - +0 leather armour
rPois    .         Spirit   .   (no helmet)
rElec    .         Reflect  .   (no cloak)
rCorr    .         Harm     .   (no gloves)
MR       .....                  (no boots)
Stlth    +.........             (no amulet)
HPRegen  0.08/turn              (no ring)
MPRegen  0.12/turn              (no ring)

@: starving, drained
A: no striking features
a: no special abilities


You were on level 2 of the Dungeon.
You were starving.

You visited 1 branch of the dungeon, and saw 2 of its levels.

You collected 61 gold pieces.

Inventory:

Hand Weapons
 a - a +0 short sword (weapon)
Missiles
 e - 5 tomahawks of dispersal (quivered)
Armour
 b - a +0 leather armour (worn)
Scrolls
 c - a scroll of teleportation {unknown}
 d - a scroll of blinking {@r4}
 f - a scroll of enchant weapon {unknown}
 h - a scroll of identify {unknown}
 k - a scroll of noise {unknown}
 m - a scroll of magic mapping {unknown}
 n - a scroll of amnesia {unknown}
Potions
 g - a potion of lignification
 i - a potion of brilliance
 j - a potion of flight {unknown}
 l - a potion of curing {@q1}


   Skills:
 + Level 2.2(1.3) Fighting
 - Level 2.0(1.0) Short Blades
 - Level 1.0(0.0) Throwing
 - Level 0.7(0.0) Armour
 * Level 4.2(3.1) Dodging
 + Level 3.9(2.9) Spellcasting
 - Level 3.2(2.2) Translocations


You had 6 spell levels left.
You knew the following spells:

 Your Spells              Type           Power        Failure   Level  Hunger
a - Shroud of Golubria    Chrm/Tloc      #.........   22%         2    ##.....
b - Blink                 Tloc           N/A          13%         2    ##.....

Your spell library contained the following spells:

 Spells                   Type           Power        Failure   Level  Hunger
 Teleport Other           Tloc           ##......     26%         3    ###....
 Passage of Golubria      Tloc           N/A          65%         4    ####...
 Gell's Gravitas          Tloc           ##........   26%         3    ###....
 Lesser Beckoning         Tloc           ##........   26%         3    ###....


Dungeon Overview and Level Annotations

Branches:
Dungeon (2/15)

Altars:
Trog
Yredelemnul


Message History

You aren't carrying any food.
Autopickup is now off.
Autopickup is now on.
m - a scroll labeled FEELOE AXZUNWO You sense Yredelemnul urging you to kill the trapped human.
Found a runed door.
Found a scroll of blinking.
Found a basalt altar of Yredelemnul.
You open the door. The human hits you!
There is an open door here.
The human refuses to make way for you. (Use ctrl+direction to attack.)
The human refuses to make way for you. (Use ctrl+direction to attack.)
You hit the human but do no damage.
The human shouts!
You barely miss the human. The human closely misses you.
You closely miss the human. The human hits you!
* * * LOW HITPOINT WARNING * * *
You barely miss the human. The human hits you!
You die...

#.......####.....
#............####
#########.#.......##..
#.........#......#....
#.##......#......#....
#.........#......#....
#...###...#......#....
#...#p#..........#....
#...#@#..........#....
#.?..............#....
#8.#####.8............
####...######.........
#._.##.....###.....
#...##.....# #.....
######.....# #.....
######.....# ######
#.........Z#


You could see a human.

Vanquished Creatures
  A human zombie (D:2)
  An adder (D:2)
  A worm (D:2)
  2 dart slugs (D:1)
  2 leopard geckos
  6 goblins (D:1)
  2 hobgoblins
  3 jackals (D:2)
  2 ball pythons (D:1)
  A bat (D:1)
  4 frilled lizards
  A goblin zombie (D:2)
  2 kobolds (D:1)
  3 rats (D:2)
31 creatures vanquished.

Notes
Turn   | Place    | Note
-------+----------+-------------------------------------------
     0 | D:1      | Kriby the Deep Elf Warper began the quest for the Orb.
     0 | D:1      | Reached XP level 1. HP: 12/12 MP: 6/6
   409 | D:1      | Reached XP level 2. HP: 13/17 MP: 8/8
   410 | D:1      | Reached skill level 3 in Dodging
  1094 | D:1      | Learned a level 2 spell: Blink
  1097 | D:1      | Learned a level 2 spell: Shroud of Golubria
  1479 | D:2      | Reached XP level 3. HP: 7/21 MP: 6/10
  1498 | D:2      | HP: 1/21 [poisoned by an adder]
  2520 | D:2      | Reached skill level 4 in Dodging
  2520 | D:2      | Reached XP level 4. HP: 19/26 MP: 9/11
  2842 | D:2      | Found a bloodstained altar of Trog.
  2917 | D:2      | Noticed a human
  2918 | D:2      | Found a runed door.
  2922 | D:2      | Found a basalt altar of Yredelemnul.
  2932 | D:2      | Slain by a human

Vault maps used:
D:1:      dpeg_arrival_shrine
D:2:      nicolae_overflow_crystal_walls, dk_yredelemnul_ordeal

Skill      XL: |  1  2  3 |
---------------+----------+-----
Dodging        | 3 4 |  4.2
Fighting       | 2 |  2.2
Short Blades   | |  2.0
Throwing       | |  1.0
Armour         | |  0.7
Spellcasting   | |  3.9
Translocations | |  3.2

Action                   |  1- 3 |  4- 6 || total
-------------------------+-------+-------++-------
Melee: Short sword       |   163 |    21 ||   184
 Cast: Shroud of Golubri |    11 |     1 ||    12
  Use: Potion            |     3 |       ||     3
 Stab: Sleeping          |     1 |       ||     1
  Eat: Chunk             |     2 |       ||     2
       Ration            |     1 |       ||     1
Armor: Leather armour    |    32 |     1 ||    33
       Skin              |    19 |       ||    19
Dodge: Dodged            |    75 |     8 ||    83

Table legend:
 A = Spawn XP
 B = Non-spawn XP
 C = Spawn XP percentage of total XP
 D = Spawn monster count
 E = Non-spawn monster count
 F = Spawn count percentage of total count
 G = Total turns spent on level
                    A         B        C        D         E        F      G
               +---------+---------+-------+---------+---------+-------+---------
         Total |       0 |     114 |   0.0 |       0 |      31 |   0.0 |  2932
               +---------+---------+-------+---------+---------+-------+---------
           D:1 |       0 |      33 |   0.0 |       0 |      17 |   0.0 |  1607
           D:2 |       0 |      81 |   0.0 |       0 |      14 |   0.0 |  1325
               +---------+---------+-------+---------+---------+-------+---------
